 Dungeon Crawl Stone Soup version 0.31-a0-889-g1a8549509d (webtiles) character file.

Game seed: 4994498888173815878

26 Error4North the Ruffian (level 2, -2/23 HPs)
             Began as a Draconian Shapeshifter on Oct 16, 2023.
             Slain by a worm (3 damage)
             ... on level 2 of the Dungeon.
             The game lasted 00:01:24 (404 turns).

Error4North the Ruffian (Draconian Shapeshifter)     Turns: 404, Time: 00:01:25

Health: -2/23      AC:  4    Str: 15    XL:     2   Next: 89%
Magic:  2/2        EV: 12    Int:  9    God:
Gold:   66         SH:  0    Dex: 14    Spells: 1/1 levels left

rFire   . .          .
                       - Unarmed
rCold   . . .        (no shield)
rNeg    . . .        (body armour unavailable)
rPois   .            (helmet currently unavailable)
rElec   .            (cloak currently unavailable)
rCorr   .            (gloves currently unavailable)
SInv    .            (boots currently unavailable)
Will    .....        (no amulet)
Stlth   +            (no ring)
HPRegen 0.23/turn    (no ring)
MPRegen 0.08/turn

%: no passive effects
@: beast-form
A: beast (slay +1), AC +4, unfitting armour, cold-blooded, antennae 1, agile 1
a: Begin Untransformation


You were on level 2 of the Dungeon.
You were a hulking beast.
You visited 1 branch of the dungeon, and saw 2 of its levels.

You collected 66 gold pieces.

Inventory:

Talismans
 b - a beast talisman (active)
 c - a flux talisman
Scrolls
 f - 3 scrolls of poison {unknown}
 g - a scroll of immolation {unknown}
 i - a scroll of brand weapon {unknown}
Potions
 a - 2 potions of lignification


   Skills:
 + Level 1.5 Fighting
 + Level 1.8 Dodging
 + Level 3.4 Unarmed Combat
 + Level 3.4 Shapeshifting


You had one spell level left.
You didn't know any spells.
Your spell library contained the following spells:

 Spells                   Type           Power      Damage    Failure   Level
 Kiss of Death            Conj/Necr      0%         2d5       38%         1
 Confusing Touch          Hex            0%         N/A       77%         3
 Dispel Undead            Necr           0%         3d6       99%         4


Dungeon Overview and Level Annotations

Branches:
Dungeon (1/15)

Altars:


Innate Abilities, Weirdness & Mutations

You are a hulking beast.
Your limbs bulge with bestial killing power. (Slay +1)
Your plain brown scales are hard. (AC +4)
You cannot fit into any form of body armour.
You are cold-blooded and may be slowed by cold attacks.
You have a pair of small antennae on your head.
You are agile. (Dex +4, Str/Int -1)


Message History

You are more poisoned.
The adder poisons you!
You hit the adder.
Your tail-slap misses the adder.
The adder is severely wounded.
You feel very sick. The adder bites you but does no damage.
You hit the adder.
The adder is almost dead.
You feel sick. The adder closely misses you.
You miss the adder.
Your tail-slap misses the adder.
The adder is almost dead.
You feel sick. The adder closely misses you.
You hit the adder.
You kill the adder!
You feel sick.
A worm comes into view.
You feel sick.
You see here an adder corpse.
You feel sick.
It was a potion of magic.
Magic courses through your body.
You feel sick.
You feel sick.
You hit the worm but do no damage.
You feel sick.
You are no longer poisoned.
The worm bites you.
* * * LOW HITPOINT WARNING * * *
It was a potion of curing.
You feel better.
You hit the worm. You tail-slap the worm.
The worm is lightly wounded.
The worm bites you!
* * * LOW HITPOINT WARNING * * *
You hit the worm.
The worm is lightly wounded.
You hit the worm.
Your tail-slap misses the worm.
The worm is heavily wounded.
The worm bites you.
* * * LOW HITPOINT WARNING * * *
It was a potion of mutation.
You feel extremely strange.
You feel agile. A pair of antennae grows on your head! The worm bites you.
You die...

#...#..............
#.......)....###.##.
####.#..##...# ..
#...........##..
#..............
#...........### #
#...........## ...
#........†...#.....
#..........hw......
#..........#.#$....
#..........#.# ...
#..##..##.##.. # #.#
#.###.# ..# #. #.
..# ..# #. #... ..#
### ...


You could see a worm.

Vanquished Creatures
  An adder (D:2)
  2 bats
  A giant cockroach (D:1)
  A hobgoblin (D:2)
  4 jackals (D:1)
  2 quokkas
  A ball python (D:2)
  A frilled lizard (D:1)
  A goblin (D:1)
  2 kobolds
16 creatures vanquished.

Notes
Turn   | Place    | Note
-------+----------+-------------------------------------------
     0 | D:1      | Error4North the Draconian Shapeshifter began the quest for
                  | the Orb.
     0 | D:1      | Reached XP level 1. HP: 16/16 MP: 1/1
    74 | D:1      | Reached XP level 2. HP: 23/23 MP: 2/2
   351 | D:1      | You fall into a shaft and drop 1 floor!
   403 | D:2      | HP: 1/23 [worm (4)]
   404 | D:2      | Gained mutation: You are agile. (Dex +4, Str/Int -1)
                  | [potion of mutation]
   404 | D:2      | Gained mutation: You have a pair of small antennae on your
                  | head. [potion of mutation]
   404 | D:2      | Slain by a worm

Illustrated notes

Levels and vault maps discovered:
D:1:      minmay_arrival_glassed_features, layout_loops_cross
D:2:      layout_rooms, wander_ebering_terrifying_dragon_lair, uniq_jessica,
          uniq_sigmund, uniq_terence

Action                     || total
---------------------------++-------
  Melee: Unarmed           ||    43
         Tailslap          ||     4
         Punch             ||     1
    Use: Potion            ||     3
 Armour: Skin              ||    23
  Dodge: Dodged            ||    22

Table legend: (Time is in decaauts)
 A = Elapsed time spent in this place.
 B = Non-inter-level travel time spent in this place.
 C = Inter-level travel time spent in this place.
 D = Time resting spent in this place.
 E = Time spent auto-exploring this place.
 F = Levels seen in this place.
 G = Mean time per level.
                   A        B        C        D        E       F      G
               +--------+--------+--------+--------+--------+-----+--------+
         Total |    401 |    401 |      0 |      0 |    273 |   2 |  200.5 |
       Dungeon |    401 |    401 |      0 |      0 |    273 |   2 |  200.5 |
               +--------+--------+--------+--------+--------+-----+--------+

Top non-repeatable levels by time:
     D:1: 349 daAuts
     D:2: 51 daAuts
